 Dungeon Crawl Stone Soup version 0.30.0-18-gc0e69614cb (webtiles) character file.

Game seed: 17345977853518612519

254 Brutalitops the Vexing (level 5, -1/37 HPs)
             Began as a Vampire Hexslinger on May 25, 2023.
             Was an Initiate of Dithmenos.
             Slain by a lemure (3 damage)
             ... led by Pikel
             ... on level 4 of the Dungeon.
             The game lasted 00:14:34 (2669 turns).

Brutalitops the Vexing (Vampire Hexslinger)         Turns: 2669, Time: 00:14:35

Health: -1/37      AC:  7    Str:  9    XL:     5   Next: 91%
Magic:  15/15      EV: 11    Int: 16    God:    Dithmenos [......]
Gold:   133        SH:  0    Dex: 16    Spells: 5/6 levels left

rFire   . . .        a - +6 spear of Uskayaw's Whim {drain, rElec rN+ SInv Stlth-}
rCold   . . .        (no shield)
rNeg    + . .        g - +0 ring mail
rPois   .            (no helmet)
rElec   +            (no cloak)
rCorr   .            o - +1 pair of gloves
SInv    +            (no boots)
Will    .....        (no amulet) Stlth
                     r - ring of magical power
HPRegen 0.46/turn    (no ring)
MPRegen 0.14/turn

%: no passive effects
@: healing quickly
A: alive, fangs 3, see invisible, vampiric 2
a: Exsanguinate, Renounce Religion


You were on level 4 of the Dungeon.
You worshipped Dithmenos.
Dithmenos was noncommittal.
You visited 1 branch of the dungeon, and saw 4 of its levels.

You collected 133 gold pieces.

Inventory:

Hand Weapons
 a - the +6 spear of Uskayaw's Whim (weapon) {drain, rElec rN+ SInv Stlth-}
   (You found it on level 3 of the Dungeon)

   rElec:     It insulates you from electricity.
   rN:        It protects you from negative energy.
   SInv:      It lets you see invisible.
   Stlth:     It makes you less stealthy.
 b - a +2 sling
 p - a +3 short sword
Armour
 g - a +0 ring mail (worn)
 o - a +1 pair of gloves (worn)
Jewellery
 e - a ring of fire
 r - a ring of magical power (left hand)
Wands
 i - a wand of polymorph (9)
Scrolls
 c - a scroll of amnesia
 d - 4 scrolls of teleportation
 f - 2 scrolls of poison
 s - a scroll of enchant armour
Potions
 h - a potion of invisibility
 j - a potion of attraction
 k - 3 potions of brilliance
 m - a potion of haste
 n - a potion of heal wounds


   Skills:
 + Level 1.4 Fighting
 + Level 1.8 Short Blades
 + Level 0.6 Polearms
 + Level 3.2 Ranged Weapons
 + Level 1.8 Armour
 + Level 3.8 Dodging
 + Level 0.3 Stealth
 - Level 1.0 Spellcasting
 - Level 4.4 Hexes


You had 5 spell levels left.
You knew the following spells:

 Your Spells              Type           Power      Damage    Failure   Level
a - Slow                  Hex            56%        N/A       11%         1

Your spell library contained the following spells:

 Spells                   Type           Power      Damage    Failure   Level
 Inner Flame              Hex/Fire       7%         N/A       58%         3
 Portal Projectile        Hex/Tloc       14%        N/A       58%         3
 Cause Fear               Hex            7%         N/A       71%         4


Dungeon Overview and Level Annotations

Branches:
Dungeon (4/15)
 Temple: D:4-7

Altars:
Dithmenos
Kikubaaqudgha
Nemelex Xobeh
Trog
Vehumet

Annotations:
D:3 3 runed translucent doors, JanusIIV's ghost, weakling DEHu
D:4 Natasha


Innate Abilities, Weirdness & Mutations

Your natural rate of healing is accelerated.
You have razor-sharp teeth.
You have supernaturally acute eyesight. (SInv)
You are afflicted with vampirism and can become a bat while bloodless.


Message History

You reach to attack!
You barely miss the lemure.
Natasha, Servant of Life and Death comes into view.
You hit the lemure.
The lemure is lightly wounded.
The lemure hits you.
Natasha stares at you and mumbles some strange words.
You resist with some effort.
You hit the lemure.
The lemure is moderately wounded.
The lemure closely misses you.
You barely miss the lemure.
The lemure is moderately wounded.
The lemure barely misses you. The lemure attacks as you move away!
The lemure closely misses you.
Natasha stares at you and mumbles some strange words.
You resist with some effort. The lemure attacks as you move away!
The lemure completely misses you.
Natasha wildly gestures.
Natasha glows brightly for a moment.
You hit Natasha but do no damage.
Natasha mumbles some strange words.
Natasha glows brightly for a moment.
Natasha mumbles some strange words.
Natasha misses you. The lemure hits you but does no damage.
The lemure completely misses you.
You completely miss Natasha. The lemure hits you!
Natasha stares at you and mumbles some strange words.
The magic dart hits you! The lemure hits you.
You barely miss Natasha. The cerulean imp barely misses you.
Natasha stares at you and mumbles some strange words.
The magic dart hits you but does no damage.
The lemure closely misses you. The lemure hits you!
* * * LOW HITPOINT WARNING * * *
Unknown command.
The cerulean imp hits you from afar with a +1 spear.
* * * LOW HITPOINT WARNING * * *
Natasha claws you.
* * * LOW HITPOINT WARNING * * *
The lemure hits you.
You die...

≈≈≈ #.####....# ...≈
#...##._..# ≈≈5≈.
#...##....#### . .≈.##
##...##.P.....# .≈. ...
#....##...###)#
.≈.≈.#.#####....###.##...#
≈≈.§§........5.......#.###
...§§...#####5h.##.#.#.####
≈≈§§........55@..#...#.)..#
..§...#.########.#.#.####.#
...##...# .###... #.#### ##
#.### .. ###.#....# # ###
#.#..#.# #....#.# ####.#.#
####...# #....###


You could see 3 lemures, Natasha and a cerulean imp (summoned).

Vanquished Creatures
  Natasha (D:4)
  3 orc wizards
  7 adders
  3 worms
  10 orcs
  10 endoplasms
  4 giant cockroaches
  5 hobgoblins
  4 kobolds
  A quokka (D:2)
  7 ball pythons
  8 bats
  2 frilled lizards (D:1)
  4 goblins
  5 rats
74 creatures vanquished.

Notes
Turn   | Place    | Note
-------+----------+-------------------------------------------
     0 | D:1      | Brutalitops the Vampire Hexslinger began the quest for the
                  | Orb.
     0 | D:1      | Reached XP level 1. HP: 14/14 MP: 2/2
   428 | D:1      | Reached XP level 2. HP: 20/20 MP: 3/3
   616 | D:1      | Reached skill level 1 in Fighting
  1181 | D:2      | Gained mutation: You are afflicted with vampirism and can
                  | become a bat while bloodless. [Vampire growth]
  1181 | D:2      | Reached XP level 3. HP: 26/26 MP: 4/4
  1401 | D:2      | Reached XP level 4. HP: 29/32 MP: 5/5
  1403 | D:2      | Reached skill level 1 in Armour
  1459 | D:2      | Found a shadowy altar of Dithmenos.
  1599 | D:2      | Reached skill level 1 in Short Blades
  1727 | D:3      | Found a runed translucent gate.
  1727 | D:3      | Found a runed translucent gate.
  1727 | D:3      | Found a runed translucent gate.
  1872 | D:3      | Identified the +6 spear of Uskayaw's Whim {drain, rElec rN+
                  | SInv Stlth-}
  1884 | D:3      | Reached XP level 5. HP: 37/37 MP: 6/6
  2160 | D:3      | Found a sparkling altar of Nemelex Xobeh.
  2410 | D:3      | Noticed JanusIIV's ghost (weakling DEHu)
  2458 | D:2      | Became a worshipper of Dithmenos the Shadowed
  2512 | D:4      | Found a radiant altar of Vehumet.
  2552 | D:4      | Found a bloodstained altar of Trog.
  2606 | D:4      | Found an ancient bone altar of Kikubaaqudgha.
  2608 | D:4      | Noticed Natasha
  2619 | D:4      | Killed Natasha
  2648 | D:4      | Noticed a lemure
  2648 | D:4      | Noticed a lemure
  2648 | D:4      | Noticed a lemure
  2660 | D:4      | Noticed Natasha
  2669 | D:4      | Slain by a lemure

Illustrated notes

Levels and vault maps discovered:
D:1:      matt_arrival_grand_opening, layout_basic, roderic_lattice_a
D:2:      layout_rooms, basic_altar, grunt_ministairs_15,
          minmay_randomly_rotated_circles
D:3:      layout_basic, lemuel_crystal_altar, gammafunk_ghost_necromancy,
          minmay_vboxes
D:4:      layout_basic, mainiacjoe_overflow_paths, lemuel_tele_altar,
          mainiacjoe_overflow_concentric_impassable,
          mainiacjoe_overflow_tiny_flanked, old_standard_altar,
          portal_sewer_entry_a, minmay_misc_feat_chi,
          hangedman_decor_clover_reticule, uniq_pikel, uniq_natasha,
          uniq_grinder

Skill      XL: |  1  2  3  4 |
---------------+-------------+-----
Ranged Weapons | 2 3 |  3.2
Fighting       | 1 |  1.4
Dodging        | 3 |  3.8
Armour         | 1 |  1.8
Short Blades   | 1 |  1.8
Polearms       | |  0.6
Stealth        | |  0.3
Spellcasting   | |  1.0
Hexes          | |  4.4

Action                     |  1- 3 |  4- 6 || total
---------------------------+-------+-------++-------
  Melee: Whip              |    14 |       ||    14
         Bite              |     8 |     9 ||    17
         Short sword       |    92 |    54 ||   146
         Punch             |       |     2 ||     2
         Spear             |       |    33 ||    33
   Fire: Sling             |    67 |    57 ||   124
    Use: Scroll            |    11 |     4 ||    15
         Potion            |     2 |       ||     2
 Armour: Robe              |    15 |       ||    15
         Ring mail         |    46 |    27 ||    73
  Dodge: Dodged            |    89 |    53 ||   142
